[ AOE2 MATCH · #506023677 ]
UnrankedPersians vs Khmer
[ REPLAY ANALYSIS · EXTRACTED FROM THE RECORDED GAME ]
Feudal
12:12
Castle
28:01
Imperial
47:02
| APM avg | 41.7 |
| APM peak | 76 |
| eAPM avg | 25.9 |
| Villagers / military | 207 / 189 |
Focus
⚔️ 33.3% · 🌾 66.7%
Spearman ×86 · Knight ×74 · Scout Cavalry ×16 · Trebuchet (Packed) ×6 · War Elephant ×4 · Battering Ram ×2
Feudal
11:37
Castle
23:01
Imperial
—
| APM avg | 21.5 |
| APM peak | 45 |
| eAPM avg | 11.7 |
| Villagers / military | 86 / 151 |
Focus
⚔️ 32.3% · 🌾 67.7%
Spearman ×98 · Knight ×32 · Scout Cavalry ×13 · Battering Ram ×8
Feudal
12:30
Castle
24:16
Imperial
44:53
| APM avg | 56.8 |
| APM peak | 149 |
| eAPM avg | 28.4 |
| Villagers / military | 173 / 298 |
Focus
⚔️ 38.7% · 🌾 61.3%
Cavalry Archer ×132 · Tarkan ×69 · Scout Cavalry ×41 · Skirmisher ×38 · Spearman ×7 · Trebuchet (Packed) ×6
Feudal
11:38
Castle
23:25
Imperial
46:11
| APM avg | 40.9 |
| APM peak | 61 |
| eAPM avg | 22.3 |
| Villagers / military | 147 / 269 |
Focus
⚔️ 33.2% · 🌾 66.8%
Camel Archer ×77 · Knight ×67 · Genitour ×45 · Archer ×35 · Camel Scout ×22 · Scout Cavalry ×9
Feudal
11:58
Castle
29:43
Imperial
—
| APM avg | 34.8 |
| APM peak | 83 |
| eAPM avg | 16.9 |
| Villagers / military | 144 / 179 |
Focus
⚔️ 39.4% · 🌾 60.6%
Scout Cavalry ×103 · Knight ×63 · Battering Ram ×8 · Scorpion ×5
Feudal
12:07
Castle
25:58
Imperial
52:59
| APM avg | 33.9 |
| APM peak | 70 |
| eAPM avg | 14.9 |
| Villagers / military | 121 / 126 |
Focus
⚔️ 35.2% · 🌾 64.8%
Cavalry Archer ×70 · Archer ×23 · Battering Ram ×15 · Spearman ×11 · Trebuchet (Packed) ×4 · Tarkan ×2
Match map
Initial resources + every placement click. Lines = walls · curves = elevation contours. ◆ gold · ⬟ stone · ● berries · ✦ relic · ◌ wall gap
Your base· Open — unwalled flank
NPG | Fernando Cerimedo's base· Open — unwalled flank
LMG_HERA DE TEMU's base· Open — 7t gap
NPG | KaTeEse's base· Open — unwalled flank
LMG_Leonardo's base· Open — 10t gap
[ECU]MiTo's base· Open — 9t gap
Smoothed initial terrain · ◌ = detected wall gap · hover for details
Inputs per minute
— LMG_SON SABANDIJAS - - NPG | Fernando Cerimedo
Build order — LMG_SON SABANDIJAS
First 150 of 612 actions detected
| 0:15 | Build | Town Center |
| 1:54 | Build | House |
| 2:40 | Queue | Villager (Male) |
| 2:40 | Queue | Villager (Male) |
| 2:40 | Queue | Villager (Male) |
| 2:40 | Queue | Villager (Male) |
| 2:41 | Queue | Villager (Male) |
| 2:41 | Queue | Villager (Male) |
| 3:56 | Queue | Villager (Male) |
| 3:57 | Queue | Villager (Male) |
| 4:32 | Queue | Villager (Male) |
| 4:32 | Queue | Villager (Male) |
| 4:32 | Queue | Villager (Male) |
| 5:03 | Build | House |
| 5:14 | Build | Lumber Camp |
| 5:17 | Queue | Villager (Male) |
| 5:17 | Queue | Villager (Male) |
| 5:59 | Build | Mill |
| 6:08 | Queue | Villager (Male) |
| 6:08 | Queue | Villager (Male) |
| 6:09 | Queue | Villager (Male) |
| 6:42 | Build | House |
| 6:52 | Queue | Villager (Male) |
| 6:52 | Queue | Villager (Male) |
| 7:29 | Research | Loom |
| 7:30 | Queue | Villager (Male) |
| 7:48 | Queue | Villager (Male) |
| 8:29 | Queue | Villager (Male) |
| 8:54 | Queue | Villager (Male) |
| 9:37 | Queue | Villager (Male) |
| 9:45 | Build | House |
| 10:08 | Research | Feudal Age |
| 10:08 | Research | Feudal Age |
| 10:30 | Build | Mill |
| 10:38 | Build | Palisade Gate |
| 10:54 | Build | House |
| 10:58 | Build | House |
| 11:02 | Queue | Villager (Male) |
| 11:03 | Queue | Villager (Male) |
| 11:08 | Build | Barracks |
| 11:45 | Queue | Villager (Male) |
| 11:45 | Queue | Villager (Male) |
| 12:12 | Age | Feudal Age |
| 12:17 | Build | Stable |
| 12:46 | Queue | Villager (Male) |
| 12:59 | Research | Double-Bit Axe |
| 12:59 | Research | Double-Bit Axe |
| 13:00 | Queue | Scout Cavalry |
| 13:01 | Queue | Scout Cavalry |
| 13:01 | Queue | Scout Cavalry |
| 13:23 | Queue | Villager (Male) |
| 13:24 | Queue | Villager (Male) |
| 13:25 | Queue | Villager (Male) |
| 13:57 | Queue | Scout Cavalry |
| 13:58 | Queue | Scout Cavalry |
| 14:09 | Queue | Villager (Male) |
| 14:09 | Queue | Villager (Male) |
| 14:09 | Queue | Villager (Male) |
| 14:37 | Queue | Villager (Male) |
| 14:38 | Queue | Villager (Male) |
| 14:53 | Queue | Villager (Male) |
| 14:54 | Queue | Villager (Male) |
| 15:06 | Build | Farm |
| 15:07 | Queue | Villager (Male) |
| 15:07 | Queue | Villager (Male) |
| 15:42 | Queue | Villager (Male) |
| 15:49 | Build | Farm |
| 15:49 | Build | Farm |
| 15:49 | Build | Farm |
| 15:50 | Build | Farm |
| 15:50 | Queue | Villager (Male) |
| 15:50 | Queue | Villager (Male) |
| 16:02 | Queue | Scout Cavalry |
| 16:03 | Queue | Scout Cavalry |
| 16:13 | Build | Farm |
| 16:19 | Build | Farm |
| 16:35 | Queue | Villager (Male) |
| 16:35 | Queue | Villager (Male) |
| 16:44 | Queue | Scout Cavalry |
| 16:44 | Queue | Scout Cavalry |
| 16:44 | Queue | Scout Cavalry |
| 16:50 | Queue | Spearman |
| 16:51 | Queue | Spearman |
| 16:58 | Build | House |
| 17:03 | Build | Farm |
| 17:06 | Build | House |
| 17:09 | Build | Palisade Wall |
| 17:11 | Build | Palisade Wall |
| 17:13 | Queue | Villager (Male) |
| 17:13 | Queue | Villager (Male) |
| 17:24 | Queue | Villager (Male) |
| 17:24 | Queue | Villager (Male) |
| 17:50 | Queue | Spearman |
| 17:50 | Queue | Spearman |
| 18:12 | Build | Farm |
| 18:14 | Build | Stable |
| 18:15 | Queue | Villager (Male) |
| 18:15 | Queue | Villager (Male) |
| 18:31 | Queue | Villager (Male) |
| 18:47 | Queue | Scout Cavalry |
| 18:52 | Build | Farm |
| 18:52 | Build | Farm |
| 18:52 | Build | Farm |
| 19:17 | Queue | Villager (Male) |
| 19:17 | Queue | Villager (Male) |
| 19:20 | Build | Farm |
| 19:23 | Build | Farm |
| 19:25 | Queue | Villager (Male) |
| 19:29 | Build | Farm |
| 19:48 | Queue | Scout Cavalry |
| 19:49 | Queue | Villager (Male) |
| 19:50 | Queue | Villager (Male) |
| 19:55 | Build | Farm |
| 20:00 | Build | Farm |
| 20:02 | Queue | Villager (Male) |
| 20:02 | Queue | Villager (Male) |
| 20:08 | Build | House |
| 20:09 | Build | House |
| 20:21 | Build | Blacksmith |
| 20:31 | Queue | Spearman |
| 20:31 | Queue | Spearman |
| 20:34 | Build | House |
| 20:38 | Build | Palisade Gate |
| 20:42 | Queue | Villager (Male) |
| 20:59 | Queue | Villager (Male) |
| 21:08 | Queue | Villager (Male) |
| 21:19 | Queue | Scout Cavalry |
| 21:30 | Queue | Scout Cavalry |
| 21:30 | Queue | Scout Cavalry |
| 21:40 | Build | Mill |
| 21:43 | Build | Farm |
| 21:43 | Build | Farm |
| 21:43 | Build | Farm |
| 21:44 | Build | Farm |
| 21:44 | Queue | Villager (Male) |
| 21:45 | Queue | Villager (Male) |
| 22:06 | Build | Palisade Wall |
| 22:09 | Build | Palisade Wall |
| 22:13 | Build | Palisade Wall |
| 22:18 | Queue | Scout Cavalry |
| 22:19 | Queue | Villager (Male) |
| 22:20 | Queue | Villager (Male) |
| 22:37 | Queue | Spearman |
| 22:41 | Build | Palisade Gate |
| 22:46 | Queue | Villager (Male) |
| 22:51 | Queue | Villager (Male) |
| 22:55 | Build | Mill |
| 23:24 | Build | Mining Camp |
| 23:51 | Build | Market |
| 23:54 | Queue | Villager (Male) |
Build order — NPG | Fernando Cerimedo
First 150 of 251 actions detected
| 0:50 | Build | Town Center |
| 2:38 | Build | House |
| 2:47 | Queue | Villager (Male) |
| 2:47 | Queue | Villager (Male) |
| 2:48 | Queue | Villager (Male) |
| 2:48 | Queue | Villager (Male) |
| 2:48 | Queue | Villager (Male) |
| 3:44 | Queue | Villager (Male) |
| 4:24 | Queue | Villager (Male) |
| 4:30 | Build | Lumber Camp |
| 4:42 | Build | House |
| 4:54 | Queue | Villager (Male) |
| 5:13 | Queue | Villager (Male) |
| 5:43 | Queue | Villager (Male) |
| 5:44 | Queue | Villager (Male) |
| 5:44 | Queue | Villager (Male) |
| 5:50 | Build | House |
| 6:24 | Build | House |
| 6:45 | Queue | Villager (Male) |
| 6:45 | Queue | Villager (Male) |
| 6:45 | Queue | Villager (Male) |
| 7:31 | Build | Mill |
| 7:42 | Queue | Villager (Male) |
| 8:09 | Queue | Villager (Male) |
| 8:09 | Queue | Villager (Male) |
| 8:23 | Research | Loom |
| 9:24 | Research | Feudal Age |
| 9:44 | Build | House |
| 10:57 | Build | House |
| 11:37 | Age | Feudal Age |
| 11:45 | Build | Stable |
| 11:48 | Queue | Villager (Male) |
| 11:52 | Research | Town Watch |
| 11:57 | Research | Double-Bit Axe |
| 12:03 | Queue | Villager (Male) |
| 12:03 | Queue | Villager (Male) |
| 12:11 | Build | House |
| 12:36 | Queue | Scout Cavalry ×2 |
| 13:06 | Queue | Villager (Male) |
| 13:08 | Queue | Scout Cavalry |
| 13:36 | Build | Mill |
| 13:44 | Build | Mill |
| 13:48 | Queue | Villager (Male) |
| 14:07 | Build | Mill |
| 14:17 | Queue | Villager (Male) |
| 14:43 | Queue | Scout Cavalry |
| 14:48 | Queue | Villager (Male) |
| 14:52 | Build | House |
| 15:44 | Queue | Villager (Male) |
| 15:49 | Queue | Scout Cavalry ×4 |
| 16:09 | Queue | Villager (Male) |
| 16:13 | Build | Farm |
| 16:15 | Build | Farm |
| 16:15 | Build | Farm |
| 16:16 | Build | Farm |
| 16:16 | Build | Farm |
| 16:16 | Build | Farm |
| 16:16 | Build | Farm |
| 16:17 | Build | Farm |
| 16:17 | Build | Farm |
| 16:17 | Build | Farm |
| 16:17 | Build | Farm |
| 16:18 | Build | Farm |
| 16:29 | Queue | Villager (Male) |
| 16:41 | Build | House |
| 16:47 | Queue | Villager (Male) |
| 17:07 | Build | House |
| 17:19 | Queue | Scout Cavalry ×5 |
| 17:26 | Queue | Villager (Male) |
| 18:09 | Queue | Villager (Male) |
| 18:14 | Queue | Villager (Male) |
| 18:23 | Build | Palisade Gate |
| 18:25 | Build | House |
| 18:28 | Build | House |
| 19:20 | Queue | Villager (Male) |
| 19:35 | Build | Mill |
| 19:44 | Queue | Villager (Male) |
| 20:21 | Research | Castle Age |
| 21:38 | Build | Mining Camp |
| 21:45 | Build | Lumber Camp |
| 22:52 | Build | House |
| 22:54 | Build | House |
| 23:01 | Age | Castle Age |
| 23:02 | Research | Bow Saw |
| 23:02 | Research | Bow Saw |
| 23:05 | Research | Husbandry |
| 23:06 | Research | Bloodlines |
| 23:13 | Research | Wheelbarrow |
| 23:28 | Research | Gold Mining |
| 23:53 | Queue | Villager (Male) |
| 24:05 | Build | Blacksmith |
| 24:12 | Queue | Villager (Male) |
| 24:15 | Queue | Knight |
| 24:43 | Queue | Villager (Male) |
| 24:47 | Queue | Knight ×3 |
| 25:09 | Research | Forging |
| 25:14 | Build | House |
| 25:16 | Build | House |
| 25:17 | Build | House |
| 26:05 | Queue | Villager (Male) |
| 26:08 | Queue | Knight ×3 |
| 26:08 | Queue | Knight ×3 |
| 26:16 | Build | Stable |
| 26:19 | Queue | Villager (Male) |
| 26:27 | Build | House |
| 26:27 | Build | House |
| 26:29 | Build | House |
| 26:39 | Build | Farm |
| 27:00 | Queue | Villager (Male) |
| 27:03 | Queue | Knight ×2 |
| 27:08 | Build | Farm |
| 27:12 | Build | Farm |
| 27:14 | Build | Farm |
| 27:17 | Build | Farm |
| 28:10 | Queue | Villager (Male) |
| 28:49 | Queue | Villager (Male) |
| 29:13 | Queue | Villager (Male) |
| 29:16 | Queue | Knight ×5 |
| 29:16 | Queue | Knight ×5 |
| 29:39 | Queue | Knight ×2 |
| 29:58 | Queue | Villager (Male) |
| 30:33 | Build | Town Center |
| 30:51 | Build | Town Center |
| 31:42 | Research | Scale Barding Armor |
| 31:44 | Queue | Villager (Male) |
| 31:56 | Queue | Knight ×5 |
| 32:19 | Queue | Knight ×2 |
| 32:20 | Queue | Knight |
| 32:31 | Build | Farm |
| 32:35 | Queue | Villager (Male) |
| 32:35 | Queue | Villager (Male) |
| 32:35 | Queue | Villager (Male) |
| 32:46 | Build | Barracks |
| 33:09 | Build | Mining Camp |
| 33:21 | Queue | Villager (Male) |
| 33:22 | Queue | Villager (Male) |
| 33:22 | Queue | Villager (Male) |
| 33:22 | Queue | Villager (Male) |
| 33:30 | Build | Farm |
| 33:30 | Build | Farm |
| 33:30 | Build | Farm |
| 33:32 | Queue | Villager (Male) |
| 33:37 | Build | Farm |
| 33:47 | Queue | Villager (Male) |
| 34:16 | Build | Barracks |
| 34:17 | Build | Barracks |
| 34:18 | Build | Barracks |
| 34:22 | Queue | Villager (Male) |
| 34:22 | Queue | Villager (Male) |
| 34:23 | Queue | Villager (Male) |
Build order — LMG_HERA DE TEMU
First 150 of 626 actions detected
| 0:21 | Build | Town Center |
| 2:33 | Queue | Villager (Male) |
| 2:33 | Queue | Villager (Male) |
| 2:33 | Queue | Villager (Male) |
| 2:34 | Queue | Villager (Male) |
| 2:34 | Queue | Villager (Male) |
| 2:34 | Queue | Villager (Male) |
| 3:42 | Queue | Villager (Male) |
| 3:43 | Queue | Villager (Male) |
| 3:43 | Queue | Villager (Male) |
| 4:44 | Build | Lumber Camp |
| 4:51 | Queue | Villager (Male) |
| 4:51 | Queue | Villager (Male) |
| 4:51 | Queue | Villager (Male) |
| 4:51 | Queue | Villager (Male) |
| 5:25 | Queue | Villager (Male) |
| 5:25 | Queue | Villager (Male) |
| 5:26 | Queue | Villager (Male) |
| 5:26 | Queue | Villager (Male) |
| 5:26 | Queue | Villager (Male) |
| 5:55 | Queue | Villager (Male) |
| 5:56 | Queue | Villager (Male) |
| 5:56 | Queue | Villager (Male) |
| 6:40 | Queue | Villager (Male) |
| 6:40 | Queue | Villager (Male) |
| 7:04 | Research | Loom |
| 7:12 | Queue | Villager (Male) |
| 7:12 | Queue | Villager (Male) |
| 7:55 | Queue | Villager (Male) |
| 7:56 | Queue | Villager (Male) |
| 8:20 | Build | Mill |
| 8:34 | Queue | Villager (Male) |
| 8:34 | Queue | Villager (Male) |
| 8:34 | Queue | Villager (Male) |
| 8:57 | Queue | Villager (Male) |
| 10:20 | Research | Feudal Age |
| 10:21 | Research | Feudal Age |
| 10:21 | Research | Feudal Age |
| 11:40 | Build | Barracks |
| 11:57 | Queue | Villager (Male) |
| 11:57 | Queue | Villager (Male) |
| 12:30 | Age | Feudal Age |
| 12:33 | Build | Stable |
| 12:37 | Research | Double-Bit Axe |
| 12:50 | Build | Palisade Wall |
| 12:52 | Build | Palisade Gate |
| 12:55 | Build | Palisade Wall |
| 13:00 | Queue | Spearman |
| 13:04 | Queue | Spearman |
| 13:16 | Queue | Scout Cavalry |
| 13:16 | Queue | Scout Cavalry |
| 13:16 | Queue | Scout Cavalry |
| 13:28 | Queue | Villager (Male) |
| 13:28 | Queue | Villager (Male) |
| 13:28 | Queue | Villager (Male) |
| 13:29 | Queue | Villager (Male) |
| 13:55 | Queue | Villager (Male) |
| 13:55 | Queue | Villager (Male) |
| 13:59 | Build | Mill |
| 14:01 | Queue | Villager (Male) |
| 14:01 | Queue | Villager (Male) |
| 14:12 | Queue | Scout Cavalry |
| 14:32 | Build | Blacksmith |
| 14:38 | Queue | Villager (Male) |
| 14:39 | Queue | Villager (Male) |
| 14:40 | Queue | Spearman |
| 15:28 | Queue | Scout Cavalry |
| 15:37 | Queue | Spearman |
| 15:42 | Queue | Villager (Male) |
| 15:42 | Queue | Villager (Male) |
| 15:56 | Queue | Spearman |
| 16:18 | Queue | Villager (Male) |
| 16:18 | Queue | Villager (Male) |
| 16:34 | Queue | Spearman |
| 16:59 | Research | Scale Barding Armor |
| 17:06 | Queue | Villager (Male) |
| 17:06 | Queue | Villager (Male) |
| 18:50 | Build | Farm |
| 18:51 | Build | Farm |
| 18:52 | Build | Farm |
| 18:54 | Build | Farm |
| 18:59 | Queue | Villager (Male) |
| 18:59 | Queue | Villager (Male) |
| 19:05 | Build | Archery Range |
| 19:21 | Build | Farm |
| 19:28 | Build | Archery Range |
| 20:06 | Queue | Scout Cavalry |
| 20:06 | Queue | Scout Cavalry |
| 20:10 | Queue | Villager (Male) |
| 20:11 | Queue | Villager (Male) |
| 20:27 | Queue | Spearman |
| 21:00 | Build | Farm |
| 21:01 | Build | Farm |
| 21:02 | Build | Farm |
| 21:30 | Build | Market |
| 21:36 | Research | Castle Age |
| 21:36 | Research | Castle Age |
| 21:36 | Research | Castle Age |
| 21:44 | Build | Mining Camp |
| 21:59 | Build | Palisade Wall |
| 22:24 | Research | Fletching |
| 22:51 | Build | Archery Range |
| 23:22 | Research | Bloodlines |
| 24:16 | Age | Castle Age |
| 24:21 | Build | Town Center |
| 24:22 | Queue | Cavalry Archer |
| 24:23 | Queue | Cavalry Archer |
| 24:23 | Queue | Cavalry Archer |
| 24:23 | Queue | Cavalry Archer |
| 24:23 | Queue | Cavalry Archer |
| 24:24 | Queue | Cavalry Archer |
| 24:25 | Research | Bodkin Arrow |
| 24:27 | Research | Husbandry |
| 24:31 | Research | Town Watch |
| 24:51 | Queue | Villager (Male) |
| 24:51 | Queue | Villager (Male) |
| 24:51 | Queue | Villager (Male) |
| 24:52 | Queue | Villager (Male) |
| 25:14 | Build | Palisade Gate |
| 25:36 | Queue | Cavalry Archer |
| 25:36 | Queue | Cavalry Archer |
| 25:37 | Queue | Cavalry Archer |
| 25:37 | Queue | Cavalry Archer |
| 26:04 | Queue | Cavalry Archer |
| 26:04 | Queue | Cavalry Archer |
| 26:04 | Queue | Cavalry Archer |
| 26:32 | Research | Padded Archer Armor |
| 26:33 | Queue | Cavalry Archer |
| 26:33 | Queue | Cavalry Archer |
| 26:33 | Queue | Cavalry Archer |
| 26:43 | Research | Wheelbarrow |
| 26:53 | Queue | Cavalry Archer |
| 26:54 | Queue | Cavalry Archer |
| 26:54 | Queue | Cavalry Archer |
| 27:02 | Build | Farm |
| 27:02 | Build | Farm |
| 27:03 | Build | Farm |
| 27:03 | Build | Farm |
| 27:03 | Build | Farm |
| 27:04 | Build | Farm |
| 27:04 | Build | Farm |
| 27:14 | Queue | Villager (Male) |
| 27:14 | Queue | Villager (Male) |
| 27:21 | Queue | Cavalry Archer |
| 27:22 | Queue | Cavalry Archer |
| 27:22 | Queue | Cavalry Archer |
| 27:37 | Queue | Cavalry Archer |
| 27:38 | Queue | Cavalry Archer |
| 27:38 | Queue | Cavalry Archer |
| 27:38 | Queue | Cavalry Archer |
Build order — NPG | KaTeEse
First 150 of 438 actions detected
| 0:43 | Build | Town Center |
| 1:58 | Build | House |
| 2:46 | Queue | Villager (Male) |
| 2:46 | Queue | Villager (Male) |
| 2:46 | Queue | Villager (Male) |
| 2:46 | Queue | Villager (Male) |
| 3:36 | Queue | Villager (Male) |
| 4:15 | Queue | Villager (Male) |
| 4:18 | Build | House |
| 4:34 | Queue | Villager (Male) |
| 4:45 | Build | Lumber Camp |
| 5:02 | Research | Loom |
| 5:03 | Queue | Villager (Male) |
| 5:38 | Queue | Villager (Male) |
| 6:10 | Queue | Villager (Male) |
| 6:10 | Queue | Villager (Male) |
| 6:11 | Queue | Villager (Male) |
| 6:18 | Build | House |
| 6:23 | Build | House |
| 6:27 | Build | House |
| 6:38 | Queue | Villager (Male) |
| 6:38 | Queue | Villager (Male) |
| 6:43 | Build | House |
| 7:02 | Build | House |
| 7:08 | Queue | Villager (Male) |
| 7:13 | Queue | Villager (Male) |
| 7:13 | Queue | Villager (Male) |
| 7:30 | Queue | Villager (Male) |
| 7:37 | Queue | Villager (Male) |
| 8:01 | Build | Mill |
| 8:50 | Queue | Villager (Male) |
| 8:54 | Research | Loom |
| 8:57 | Build | House |
| 9:14 | Build | House |
| 9:25 | Research | Feudal Age |
| 9:27 | Build | House |
| 9:48 | Research | Loom |
| 10:06 | Build | House |
| 10:11 | Build | Palisade Wall |
| 10:39 | Build | Palisade Gate |
| 10:46 | Queue | Villager (Male) |
| 11:33 | Build | Barracks |
| 11:38 | Age | Feudal Age |
| 12:19 | Queue | Villager (Male) |
| 12:27 | Build | Stable |
| 12:29 | Build | Palisade Wall |
| 12:34 | Queue | Villager (Male) |
| 12:39 | Queue | Villager (Male) |
| 13:00 | Queue | Villager (Male) |
| 13:07 | Build | House |
| 13:11 | Build | House |
| 13:16 | Queue | Scout Cavalry |
| 13:33 | Queue | Scout Cavalry |
| 13:34 | Queue | Scout Cavalry |
| 13:36 | Queue | Villager (Male) |
| 13:38 | Build | House |
| 13:40 | Build | House |
| 13:56 | Queue | Villager (Male) |
| 14:13 | Queue | Scout Cavalry |
| 14:14 | Queue | Villager (Male) |
| 14:20 | Build | House |
| 14:33 | Build | Blacksmith |
| 15:08 | Queue | Villager (Male) |
| 15:11 | Research | Scale Barding Armor |
| 15:12 | Research | Forging |
| 15:13 | Queue | Villager (Male) |
| 15:13 | Queue | Villager (Male) |
| 15:13 | Queue | Villager (Male) |
| 15:35 | Queue | Villager (Male) |
| 15:35 | Queue | Villager (Male) |
| 16:09 | Queue | Scout Cavalry |
| 16:09 | Queue | Scout Cavalry |
| 16:16 | Build | Mining Camp |
| 16:32 | Queue | Spearman |
| 16:40 | Build | Mill |
| 16:49 | Queue | Villager (Male) |
| 17:34 | Queue | Villager (Male) |
| 17:45 | Queue | Villager (Male) |
| 17:51 | Queue | Spearman |
| 18:12 | Queue | Villager (Male) |
| 18:29 | Build | Mill |
| 18:41 | Queue | Villager (Male) |
| 18:55 | Queue | Villager (Male) |
| 18:59 | Build | Farm |
| 18:59 | Build | Farm |
| 18:59 | Build | Farm |
| 19:03 | Research | Double-Bit Axe |
| 19:17 | Build | Market |
| 19:23 | Build | Mill |
| 19:29 | Queue | Scout Cavalry |
| 19:36 | Queue | Villager (Male) |
| 19:41 | Build | Farm |
| 20:12 | Queue | Spearman |
| 20:13 | Queue | Villager (Male) |
| 20:30 | Queue | Villager (Male) |
| 20:33 | Build | Farm |
| 20:41 | Build | House |
| 20:45 | Research | Castle Age |
| 20:54 | Queue | Scout Cavalry |
| 20:54 | Queue | Scout Cavalry |
| 20:58 | Build | House |
| 20:59 | Build | House |
| 21:01 | Build | Palisade Wall |
| 21:12 | Build | Palisade Wall |
| 21:19 | Research | Horse Collar |
| 21:32 | Research | Gold Mining |
| 22:01 | Research | Bloodlines |
| 22:29 | Queue | Spearman |
| 22:33 | Build | Stable |
| 22:36 | Build | House |
| 22:59 | Queue | Villager (Male) |
| 23:02 | Queue | Villager (Male) |
| 23:25 | Age | Castle Age |
| 23:32 | Queue | Villager (Male) |
| 23:42 | Build | Town Center |
| 23:44 | Queue | Villager (Male) |
| 23:44 | Queue | Villager (Male) |
| 23:50 | Queue | Camel Scout ×2 |
| 23:59 | Queue | Spearman |
| 24:05 | Queue | Villager (Male) |
| 24:05 | Queue | Villager (Male) |
| 24:05 | Queue | Villager (Male) |
| 24:08 | Build | Farm |
| 24:09 | Build | Farm |
| 24:22 | Build | House |
| 24:36 | Queue | Villager (Male) |
| 24:46 | Queue | Villager (Male) |
| 24:46 | Queue | Villager (Male) |
| 24:47 | Queue | Villager (Male) |
| 24:47 | Queue | Villager (Male) |
| 24:47 | Queue | Villager (Male) |
| 24:48 | Queue | Villager (Male) |
| 25:03 | Queue | Villager (Male) |
| 25:04 | Queue | Villager (Male) |
| 25:12 | Research | Husbandry |
| 25:23 | Queue | Villager (Male) |
| 25:24 | Queue | Villager (Male) |
| 25:25 | Build | Farm |
| 25:25 | Build | Farm |
| 25:25 | Build | Farm |
| 25:26 | Queue | Villager (Male) |
| 25:43 | Research | Chain Barding Armor |
| 25:50 | Research | Wheelbarrow |
| 25:51 | Queue | Villager (Male) |
| 26:02 | Queue | Villager (Male) |
| 26:02 | Queue | Villager (Male) |
| 26:28 | Build | Town Center |
| 26:46 | Queue | Villager (Male) |
| 26:46 | Queue | Villager (Male) |
| 26:48 | Research | Town Watch |
Build order — LMG_Leonardo
First 150 of 458 actions detected
| 0:25 | Build | Town Center |
| 0:35 | Build | House |
| 1:11 | Build | House |
| 2:28 | Queue | Villager (Male) |
| 2:29 | Queue | Villager (Male) |
| 2:29 | Queue | Villager (Male) |
| 2:29 | Queue | Villager (Male) |
| 2:29 | Queue | Villager (Male) |
| 3:42 | Build | House |
| 3:50 | Queue | Villager (Male) |
| 3:50 | Queue | Villager (Male) |
| 4:07 | Build | House |
| 4:29 | Queue | Villager (Male) |
| 4:29 | Queue | Villager (Male) |
| 5:07 | Queue | Villager (Male) |
| 5:07 | Queue | Villager (Male) |
| 5:07 | Queue | Villager (Male) |
| 5:43 | Queue | Villager (Male) |
| 5:43 | Queue | Villager (Male) |
| 5:48 | Build | Lumber Camp |
| 5:51 | Build | House |
| 5:52 | Build | House |
| 5:59 | Queue | Villager (Male) |
| 5:59 | Queue | Villager (Male) |
| 6:31 | Queue | Villager (Male) |
| 6:32 | Queue | Villager (Male) |
| 6:32 | Queue | Villager (Male) |
| 6:32 | Queue | Villager (Male) |
| 7:01 | Queue | Villager (Male) |
| 7:02 | Queue | Villager (Male) |
| 7:02 | Queue | Villager (Male) |
| 8:19 | Queue | Villager (Male) |
| 8:20 | Research | Loom |
| 8:26 | Build | Mill |
| 9:17 | Queue | Villager (Male) |
| 9:48 | Research | Feudal Age |
| 9:48 | Research | Feudal Age |
| 9:48 | Research | Feudal Age |
| 10:22 | Build | House |
| 11:02 | Queue | Villager (Male) |
| 11:02 | Queue | Villager (Male) |
| 11:23 | Build | Barracks |
| 11:58 | Age | Feudal Age |
| 11:59 | Research | Double-Bit Axe |
| 11:59 | Research | Double-Bit Axe |
| 12:02 | Build | Palisade Wall |
| 12:09 | Build | Palisade Wall |
| 12:10 | Build | Palisade Wall |
| 12:13 | Build | Palisade Wall |
| 12:25 | Queue | Villager (Male) |
| 12:54 | Build | Stable |
| 13:01 | Queue | Villager (Male) |
| 13:16 | Queue | Villager (Male) |
| 13:35 | Queue | Scout Cavalry |
| 13:36 | Queue | Scout Cavalry |
| 13:36 | Queue | Scout Cavalry |
| 13:48 | Queue | Villager (Male) |
| 13:55 | Build | Stable |
| 14:21 | Queue | Villager (Male) |
| 14:33 | Build | House |
| 14:35 | Build | House |
| 14:40 | Queue | Villager (Male) |
| 14:49 | Build | Farm |
| 14:53 | Build | Farm |
| 14:59 | Build | House |
| 15:11 | Queue | Villager (Male) |
| 15:12 | Queue | Scout Cavalry |
| 15:13 | Queue | Scout Cavalry |
| 15:13 | Queue | Scout Cavalry |
| 15:15 | Build | Mill |
| 15:33 | Queue | Scout Cavalry |
| 15:33 | Queue | Scout Cavalry |
| 16:01 | Build | Farm |
| 16:02 | Build | Farm |
| 16:19 | Queue | Villager (Male) |
| 16:19 | Queue | Villager (Male) |
| 16:19 | Queue | Villager (Male) |
| 16:19 | Queue | Villager (Male) |
| 16:30 | Queue | Scout Cavalry |
| 16:30 | Queue | Scout Cavalry |
| 16:30 | Queue | Scout Cavalry |
| 16:52 | Queue | Villager (Male) |
| 16:52 | Queue | Villager (Male) |
| 17:10 | Build | Blacksmith |
| 17:13 | Build | Mill |
| 17:25 | Queue | Villager (Male) |
| 18:12 | Queue | Villager (Male) |
| 18:12 | Queue | Villager (Male) |
| 18:12 | Queue | Villager (Male) |
| 18:25 | Build | Mill |
| 18:26 | Queue | Scout Cavalry |
| 18:27 | Queue | Scout Cavalry |
| 18:27 | Queue | Scout Cavalry |
| 18:27 | Queue | Scout Cavalry |
| 18:27 | Queue | Scout Cavalry |
| 18:47 | Build | Archery Range |
| 18:54 | Build | Farm |
| 19:01 | Queue | Villager (Male) |
| 19:43 | Build | Mill |
| 19:55 | Queue | Villager (Male) |
| 19:56 | Queue | Villager (Male) |
| 20:14 | Queue | Villager (Male) |
| 20:14 | Queue | Villager (Male) |
| 20:14 | Queue | Villager (Male) |
| 20:23 | Build | Mill |
| 20:36 | Build | Watch Tower |
| 20:51 | Build | Farm |
| 21:13 | Research | Scale Barding Armor |
| 21:17 | Build | Farm |
| 21:43 | Build | House |
| 22:00 | Queue | Villager (Male) |
| 22:00 | Queue | Villager (Male) |
| 22:05 | Build | Farm |
| 22:07 | Build | Farm |
| 22:23 | Build | Mining Camp |
| 22:30 | Queue | Scout Cavalry |
| 22:30 | Queue | Scout Cavalry |
| 22:31 | Queue | Scout Cavalry |
| 22:31 | Queue | Scout Cavalry |
| 22:31 | Queue | Scout Cavalry |
| 22:31 | Queue | Scout Cavalry |
| 22:53 | Queue | Villager (Male) |
| 22:53 | Queue | Villager (Male) |
| 22:53 | Queue | Villager (Male) |
| 23:33 | Build | Mill |
| 23:40 | Research | Bloodlines |
| 23:45 | Queue | Villager (Male) |
| 23:47 | Queue | Scout Cavalry |
| 23:47 | Queue | Scout Cavalry |
| 23:48 | Queue | Scout Cavalry |
| 23:50 | Build | House |
| 23:51 | Build | House |
| 23:55 | Research | Wheelbarrow |
| 24:16 | Build | Mill |
| 24:23 | Queue | Scout Cavalry |
| 24:23 | Queue | Scout Cavalry |
| 24:23 | Queue | Scout Cavalry |
| 24:40 | Queue | Villager (Male) |
| 24:40 | Queue | Villager (Male) |
| 24:54 | Queue | Villager (Male) |
| 24:54 | Queue | Villager (Male) |
| 26:05 | Queue | Villager (Male) |
| 26:05 | Queue | Villager (Male) |
| 26:47 | Research | Castle Age |
| 27:03 | Build | Mill |
| 27:31 | Queue | Scout Cavalry |
| 27:32 | Queue | Scout Cavalry |
| 27:32 | Queue | Scout Cavalry |
| 27:32 | Queue | Scout Cavalry |
| 27:33 | Queue | Scout Cavalry |
Build order — [ECU]MiTo
First 150 of 363 actions detected
| 0:30 | Build | Town Center |
| 2:26 | Queue | Villager (Male) |
| 2:27 | Queue | Villager (Male) |
| 2:27 | Queue | Villager (Male) |
| 3:08 | Queue | Villager (Male) |
| 3:43 | Queue | Villager (Male) |
| 3:58 | Queue | Villager (Male) |
| 4:27 | Queue | Villager (Male) |
| 4:29 | Build | Lumber Camp |
| 4:48 | Queue | Villager (Male) |
| 5:35 | Queue | Villager (Male) |
| 5:35 | Queue | Villager (Male) |
| 5:48 | Queue | Villager (Male) |
| 5:58 | Queue | Villager (Male) |
| 6:23 | Queue | Villager (Male) |
| 7:15 | Queue | Villager (Male) |
| 7:27 | Queue | Villager (Male) |
| 7:45 | Queue | Villager (Male) |
| 7:58 | Queue | Villager (Male) |
| 8:06 | Build | Mill |
| 8:07 | Queue | Villager (Male) |
| 8:38 | Queue | Villager (Male) |
| 9:07 | Research | Loom |
| 9:56 | Research | Feudal Age |
| 10:23 | Build | Barracks |
| 11:50 | Queue | Villager (Male) |
| 11:51 | Queue | Villager (Male) |
| 12:07 | Age | Feudal Age |
| 12:13 | Queue | Villager (Male) |
| 12:17 | Build | Archery Range |
| 12:19 | Build | Archery Range |
| 12:48 | Queue | Villager (Male) |
| 13:03 | Build | Palisade Wall |
| 13:05 | Queue | Archer |
| 13:06 | Queue | Archer |
| 13:11 | Build | Palisade Wall |
| 13:16 | Queue | Villager (Male) |
| 13:22 | Queue | Archer |
| 13:24 | Queue | Archer |
| 13:25 | Queue | Archer |
| 13:37 | Queue | Archer |
| 13:50 | Build | Blacksmith |
| 14:06 | Queue | Villager (Male) |
| 14:20 | Queue | Archer |
| 14:21 | Queue | Archer |
| 14:43 | Queue | Spearman |
| 14:52 | Queue | Villager (Male) |
| 15:15 | Queue | Villager (Male) |
| 15:55 | Queue | Villager (Male) |
| 15:55 | Queue | Archer |
| 15:56 | Queue | Archer |
| 15:56 | Queue | Archer |
| 15:57 | Queue | Villager (Male) |
| 16:19 | Queue | Spearman |
| 16:19 | Queue | Spearman |
| 16:30 | Queue | Villager (Male) |
| 16:42 | Queue | Spearman |
| 16:51 | Queue | Spearman |
| 16:52 | Queue | Archer |
| 16:52 | Queue | Archer |
| 16:53 | Queue | Villager (Male) |
| 17:02 | Queue | Villager (Male) |
| 17:06 | Build | Farm |
| 17:07 | Build | Farm |
| 17:09 | Build | Farm |
| 17:34 | Queue | Archer |
| 17:34 | Queue | Archer |
| 17:40 | Queue | Villager (Male) |
| 17:42 | Build | Farm |
| 18:17 | Queue | Villager (Male) |
| 18:23 | Queue | Archer |
| 18:24 | Queue | Archer |
| 18:24 | Queue | Archer |
| 18:29 | Build | Farm |
| 18:31 | Build | Farm |
| 18:43 | Queue | Villager (Male) |
| 18:46 | Build | Farm |
| 18:48 | Queue | Archer |
| 18:48 | Queue | Archer |
| 18:59 | Queue | Villager (Male) |
| 19:03 | Queue | Villager (Male) |
| 19:09 | Research | Double-Bit Axe |
| 19:36 | Queue | Villager (Male) |
| 19:39 | Queue | Spearman |
| 19:40 | Queue | Spearman |
| 20:14 | Queue | Villager (Male) |
| 20:23 | Queue | Villager (Male) |
| 20:26 | Build | Market |
| 20:28 | Queue | Villager (Male) |
| 20:44 | Research | Fletching |
| 20:48 | Queue | Spearman |
| 20:58 | Build | Farm |
| 21:17 | Build | Farm |
| 21:20 | Build | Farm |
| 21:24 | Queue | Villager (Male) |
| 21:41 | Build | Mill |
| 21:43 | Build | Farm |
| 21:44 | Build | Farm |
| 21:46 | Build | Farm |
| 21:47 | Build | Farm |
| 22:04 | Queue | Villager (Male) |
| 22:39 | Queue | Villager (Male) |
| 23:18 | Research | Castle Age |
| 24:35 | Research | Horse Collar |
| 24:44 | Research | Padded Archer Armor |
| 24:53 | Build | Mining Camp |
| 25:12 | Build | Lumber Camp |
| 25:27 | Build | Mill |
| 25:34 | Queue | Spearman |
| 25:34 | Queue | Spearman |
| 25:58 | Age | Castle Age |
| 25:59 | Queue | Spearman |
| 26:25 | Build | Town Center |
| 26:27 | Queue | Villager (Male) |
| 26:27 | Queue | Villager (Male) |
| 26:40 | Queue | Villager (Male) |
| 26:54 | Research | Bodkin Arrow |
| 27:07 | Research | Crossbowman (upgrade) |
| 27:09 | Queue | Villager (Male) |
| 27:25 | Queue | Archer |
| 27:26 | Queue | Archer |
| 27:26 | Queue | Archer |
| 27:34 | Queue | Cavalry Archer |
| 27:35 | Queue | Cavalry Archer |
| 27:35 | Queue | Cavalry Archer |
| 27:42 | Queue | Villager (Male) |
| 27:44 | Queue | Villager (Male) |
| 28:01 | Queue | Cavalry Archer |
| 28:09 | Queue | Villager (Male) |
| 28:15 | Queue | Villager (Male) |
| 28:16 | Build | Farm |
| 28:19 | Queue | Villager (Male) |
| 28:31 | Queue | Cavalry Archer |
| 28:32 | Queue | Cavalry Archer |
| 28:32 | Queue | Cavalry Archer |
| 28:33 | Queue | Cavalry Archer |
| 28:33 | Queue | Cavalry Archer |
| 28:44 | Build | Mining Camp |
| 28:47 | Queue | Villager (Male) |
| 28:55 | Queue | Cavalry Archer |
| 28:55 | Queue | Cavalry Archer |
| 29:46 | Queue | Villager (Male) |
| 29:54 | Build | Siege Workshop |
| 30:02 | Queue | Villager (Male) |
| 30:03 | Queue | Villager (Male) |
| 30:04 | Queue | Villager (Male) |
| 30:23 | Research | Leather Archer Armor |
| 30:28 | Build | Mill |
| 31:13 | Build | Town Center |
| 31:20 | Queue | Cavalry Archer |
Match timeline
| 10:11 | NPG | KaTeEse · wall_segment Palisade Wall x4 |
| 10:23 | [ECU]MiTo · first_building Barracks |
| 11:08 | LMG_SON SABANDIJAS · first_building Barracks |
| 11:23 | LMG_Leonardo · first_building Barracks |
| 11:33 | NPG | KaTeEse · first_building Barracks |
| 11:37 | NPG | Fernando Cerimedo · age_up feudal |
| 11:38 | NPG | KaTeEse · age_up feudal |
| 11:40 | LMG_HERA DE TEMU · first_building Barracks |
| 11:45 | NPG | Fernando Cerimedo · first_building Stable |
| 11:58 | LMG_Leonardo · age_up feudal |
| 12:02 | LMG_Leonardo · wall_segment Palisade Wall x1 |
| 12:07 | [ECU]MiTo · age_up feudal |
| 12:09 | LMG_Leonardo · wall_segment Palisade Wall x3 |
| 12:10 | LMG_Leonardo · wall_segment Palisade Wall x2 |
| 12:12 | LMG_SON SABANDIJAS · age_up feudal |
| 12:13 | LMG_Leonardo · wall_segment Palisade Wall x4 |
| 12:17 | LMG_SON SABANDIJAS · first_building Stable |
| 12:17 | [ECU]MiTo · first_building Archery Range |
| 12:27 | NPG | KaTeEse · first_building Stable |
| 12:29 | NPG | KaTeEse · wall_segment Palisade Wall x1 |
| 12:30 | LMG_HERA DE TEMU · age_up feudal |
| 12:33 | LMG_HERA DE TEMU · first_building Stable |
| 12:50 | LMG_HERA DE TEMU · wall_segment Palisade Wall x3 |
| 12:54 | LMG_Leonardo · first_building Stable |
| 12:55 | LMG_HERA DE TEMU · wall_segment Palisade Wall x1 |
| 13:03 | [ECU]MiTo · wall_segment Palisade Wall x7 |
| 13:11 | [ECU]MiTo · wall_segment Palisade Wall x8 |
| 17:09 | LMG_SON SABANDIJAS · wall_segment Palisade Wall x7 |
| 17:11 | LMG_SON SABANDIJAS · wall_segment Palisade Wall x11 |
| 18:47 | LMG_Leonardo · first_building Archery Range |
| 19:05 | LMG_HERA DE TEMU · first_building Archery Range |
| 20:16 | NPG | KaTeEse · first_market_buy 100 food |
| 21:01 | NPG | KaTeEse · wall_segment Palisade Wall x3 |
| 21:12 | NPG | KaTeEse · wall_segment Palisade Wall x3 |
| 21:59 | LMG_HERA DE TEMU · wall_segment Palisade Wall x1 |
| 22:06 | LMG_SON SABANDIJAS · wall_segment Palisade Wall x1 |
| 22:09 | LMG_SON SABANDIJAS · wall_segment Palisade Wall x8 |
| 22:13 | LMG_SON SABANDIJAS · wall_segment Palisade Wall x4 |
| 22:44 | [ECU]MiTo · first_market_sell 100 wood |
| 22:47 | [ECU]MiTo · first_market_buy 100 food |
| 23:01 | NPG | Fernando Cerimedo · age_up castle |
| 23:25 | NPG | KaTeEse · age_up castle |
| 23:35 | NPG | KaTeEse · first_market_sell 100 food |
| 24:16 | LMG_HERA DE TEMU · age_up castle |
| 25:03 | LMG_SON SABANDIJAS · wall_segment Palisade Wall x1 |
| 25:58 | [ECU]MiTo · age_up castle |
| 27:20 | LMG_HERA DE TEMU · first_market_buy 100 food |
| 28:01 | LMG_SON SABANDIJAS · age_up castle |
| 28:16 | LMG_SON SABANDIJAS · wall_segment Palisade Wall x1 |
| 29:43 | LMG_Leonardo · age_up castle |
| 29:44 | NPG | KaTeEse · first_building Archery Range |
| 29:54 | [ECU]MiTo · first_building Siege Workshop |
| 30:49 | LMG_SON SABANDIJAS · first_market_buy 100 food |
| 31:19 | LMG_Leonardo · first_market_sell 100 wood |
| 31:22 | LMG_Leonardo · first_market_buy 100 stone |
| 32:01 | NPG | KaTeEse · wall_segment Palisade Wall x7 |
| 32:46 | NPG | Fernando Cerimedo · first_building Barracks |
| 32:50 | LMG_HERA DE TEMU · wall_segment Palisade Wall x1 |
| 32:53 | LMG_HERA DE TEMU · wall_segment Palisade Wall x1 |
| 35:17 | LMG_HERA DE TEMU · first_market_sell 100 wood |
| 37:35 | NPG | KaTeEse · first_building Castle |
| 38:17 | LMG_HERA DE TEMU · first_building Castle |
| 38:32 | LMG_Leonardo · first_building Siege Workshop |
| 38:45 | [ECU]MiTo · first_building Stable |
| 40:56 | LMG_SON SABANDIJAS · first_building Castle |
| 43:39 | LMG_SON SABANDIJAS · wall_segment Stone Wall x11 |
| 43:41 | LMG_SON SABANDIJAS · wall_segment Stone Wall x6 |
| 43:53 | LMG_SON SABANDIJAS · first_market_sell 100 wood |
| 44:53 | LMG_HERA DE TEMU · age_up imperial |
| 45:00 | NPG | Fernando Cerimedo · first_building Castle |
| 45:53 | NPG | Fernando Cerimedo · first_building Siege Workshop |
| 45:56 | [ECU]MiTo · first_building Castle |
| 46:11 | NPG | KaTeEse · age_up imperial |
| 47:02 | LMG_SON SABANDIJAS · age_up imperial |
| 47:46 | LMG_SON SABANDIJAS · wall_segment Stone Wall x1 |
| 51:59 | LMG_SON SABANDIJAS · first_building Monastery |
| 52:59 | [ECU]MiTo · age_up imperial |
| 53:12 | NPG | Fernando Cerimedo · first_building Archery Range |
| 53:13 | LMG_SON SABANDIJAS · first_building Siege Workshop |
| 53:22 | LMG_Leonardo · first_building Castle |
| 54:55 | NPG | KaTeEse · tribute_sent a jugador 1 |
| 54:55 | NPG | KaTeEse · tribute_sent a jugador 2 |
| 54:55 | NPG | KaTeEse · tribute_sent a jugador 3 |
| 54:55 | NPG | KaTeEse · tribute_sent a jugador 5 |
| 54:55 | NPG | KaTeEse · tribute_sent a jugador 6 |
| 55:13 | NPG | KaTeEse · tribute_sent a jugador 1 |
| 55:13 | NPG | KaTeEse · tribute_sent a jugador 2 |
| 55:13 | NPG | KaTeEse · tribute_sent a jugador 3 |
| 55:13 | NPG | KaTeEse · tribute_sent a jugador 5 |
| 55:13 | NPG | KaTeEse · tribute_sent a jugador 6 |
| 56:47 | LMG_HERA DE TEMU · resign |
| 56:58 | NPG | Fernando Cerimedo · first_market_buy 100 stone |
[ AI ANALYSIS · 1 CREDIT ]
What really happened in this match?
Wolo.gg analyzes every decision: build order, eco, micro, common mistakes by bracket. Personalized analysis on WhatsApp or Discord in 30 seconds.
Civ guide
Persians
Perfil
LMG_SON SABANDIJAS